 Dungeon Crawl Stone Soup version 0.21.1-1-g345015f (webtiles) character file.

30 Mookip the Magician (level 3, -5/31 HPs)
             Began as a Troll Wizard on May 2, 2018.
             Slain by Verendum's ghost (7 damage)
             ... on level 3 of the Dungeon.
             The game lasted 00:08:48 (861 turns).

Mookip the Magician (Troll Wizard)                   Turns: 861, Time: 00:08:49

Health: -5/31      AC:  5    Str: 15    XL:     3   Next: 3%
Magic:  5/5        EV: 10    Int: 15    God:
Gold:   68         SH:  0    Dex:  8    Spells: 5/6 levels left

rFire    . . .     SeeInvis .   m - +0 mace
rCold    . . .     Gourm    +   (no shield)
rNeg     . . .     Faith    .   o - +0 robe
rPois    .         Spirit   .   b - +0 hat
rElec    .         Reflect  .   (no cloak)
rCorr    .         Harm     .   (gloves unavailable)
MR       .....                  (boots unavailable)
Stlth    +.........             (no amulet)
HPRegen  0.50/turn              (no ring)
MPRegen  0.09/turn              (no ring)

@: no status effects
A: large, unfitting armour, claws 3, fast metabolism 3, gourmand, regeneration
1, shaggy fur 1, tough skin 2
a: no special abilities


You were on level 3 of the Dungeon.
You were not hungry.

You visited 1 branch of the dungeon, and saw 3 of its levels.

You collected 68 gold pieces.

Inventory:

Hand Weapons
 f - a +0 dagger
 g - a +0 dagger
 m - a +0 mace (weapon)
Missiles
 i - 17 bolts
 j - 4 poisoned needles (quivered)
 l - 45 stones
Armour
 a - a +0 robe
 b - a +0 hat (worn)
 e - a +0 robe
 h - a +0 buckler
 k - a +0 scale mail
 o - a +0 robe (worn)
 p - a +0 leather armour
Scrolls
 n - 2 scrolls of teleportation
Books
 c - a book of Minor Magic

   Spells                             Type                      Level
   a - Magic Dart                     Conjuration                  1
   b - Blink                          Translocation                2
   c - Call Imp                       Summoning                    2
   d - Slow                           Hexes                        2
   e - Conjure Flame                  Conjuration/Fire             3
   f - Mephitic Cloud                 Conjuration/Poison/Air       3
Comestibles
 d - 2 rations


   Skills:
 + Level 0.2 Fighting
 + Level 0.1 Maces & Flails
 + Level 1.9 Dodging
 + Level 1.3 Stealth
 + Level 2.3 Spellcasting
 + Level 0.6 Conjurations
   Level 0.6 Summonings
   Level 0.6 Translocations


You had 5 spell levels left.
You knew the following spells:

 Your Spells              Type           Power        Failure   Level  Hunger
a - Magic Dart            Conj           #...         17%         1    #......


Dungeon Overview and Level Annotations

Branches:
Dungeon (3/15)

Altars:
Gozag

Annotations:
D:3 Verendum's ghost, amateur OgHu


Innate Abilities, Weirdness & Mutations

You are too large for most types of armour.
You have claws for hands.
Your metabolism is lightning-fast.
You like to eat raw meat.
Your natural rate of healing is unusually fast.
You are covered in fur. (AC +1)
You have very tough skin. (AC +2)


Message History

You closely miss Verendum's ghost.
Verendum's ghost is lightly damaged.
The bat completely misses you. The hobgoblin barely misses you.
Verendum's ghost hits you. The hobgoblin hits you with a club.
You hit Verendum's ghost but do no damage.
Verendum's ghost is lightly damaged.
The bat closely misses you. Verendum's ghost hits you!
The hobgoblin closely misses you.
You hit Verendum's ghost.
Verendum's ghost is lightly damaged.
The bat completely misses you.
Verendum's ghost makes a sound of rattling chains.
Verendum's ghost hits you.
* * * LOW HITPOINT WARNING * * *
The hobgoblin closely misses you.
Verendum's ghost hits you but does no damage.
The hobgoblin hits you with a club.
* * * LOW HITPOINT WARNING * * *
Verendum's ghost hits you!
You die...

#.# ##.##..#
#.######.##..#
#........##..#
#####..#.##...
##....# #....
##..##...#.#..
#..####..#
###.## ....
#.?@# #...#
#......Wgb# ...#
...........#
...#
............#
.!..
..............
#..............
##..............
####...........


You could see Verendum's ghost, a hobgoblin and a bat.

Vanquished Creatures
  An ooze (D:1)
  A dart slug (D:2)
  2 leopard geckos
  2 bats
  4 giant cockroaches
  A goblin (D:2)
  3 hobgoblins
  A quokka (D:2)
  2 kobolds (D:2)
  2 rats
19 creatures vanquished.

Notes
Turn   | Place    | Note
-------+----------+-------------------------------------------
     0 | D:1      | Mookip the Troll Wizard began the quest for the Orb.
     0 | D:1      | Reached XP level 1. HP: 16/16 MP: 2/2
   166 | D:1      | Reached XP level 2. HP: 17/24 MP: 0/4
   327 | D:2      | Found an opulent altar of Gozag.
   785 | D:2      | Reached XP level 3. HP: 31/31 MP: 5/5
   848 | D:3      | Noticed Verendum's ghost (amateur OgHu)
   861 | D:3      | Slain by Verendum's ghost

Action                   || total
-------------------------++-------
Melee: Dagger            ||    80
       Unarmed           ||     5
       Mace              ||    26
 Cast: Magic Dart        ||    20
  Use: Scroll            ||     5
  Eat: Ration            ||     2
Armor: Robe              ||    69
Dodge: Dodged            ||    83
